 Dungeon Crawl Stone Soup version 0.30-a0-924-g0ad0bf95bc (webtiles) character file.

Game seed: 12160442890014542759

718 Pimp the Stinger (level 7, -8/51 HPs)
             Began as a Demonspawn Venom Mage on Mar 22, 2023.
             Killed by nerve-wracking pain
             ... invoked by an orc priest
              (11 damage)
             ... on level 6 of the Dungeon.
             The game lasted 00:20:24 (5950 turns).

Pimp the Stinger (Demonspawn Venom Mage)            Turns: 5950, Time: 00:20:25

Health: -8/51      AC:  7    Str:  9    XL:     7   Next: 42%
Magic:  11/11      EV: 17    Int: 24    God:
Gold:   287        SH:  4    Dex: 13    Spells: 2/12 levels left

rFire   . . .      SeeInvis .    f - +3 dagger (flame)
rCold   . . .      Faith    .    (no shield)
rNeg    . . .      Spirit   .    o - +0 leather armour
rPois   .          Reflect  .    (helmet restricted)
rElec   .          Rampage  .    (no cloak)
rCorr   .                        (no gloves)
Will    .....                    e - +0 pair of boots
Stlth   ++                       (no amulet)
HPRegen 0.28/turn                y - +5 ring of evasion
MPRegen 0.12/turn                x - +6 ring of intelligence

@: no status effects
A: antennae 1, slimy green scales 2, powered by pain 1, condensation shield
a: no special abilities


You were on level 6 of the Dungeon.
You visited 1 branch of the dungeon, and saw 6 of its levels.

You collected 287 gold pieces.

Inventory:

Hand Weapons
 c - a +0 dagger
 f - a +3 dagger of flaming (weapon)
Missiles
 h - 25 poisoned darts
Armour
 a - a +0 robe
 e - a +0 pair of boots (worn)
 o - a +0 leather armour (worn)
 u - the +0 ring mail of the Thirsty Wishes {rPois rF- Int+3}
   (You found it on level 3 of the Dungeon)

   Int:       It affects your intelligence (+3).
   rF:        It makes you vulnerable to fire.
   rPois:     It protects you from poison.
 A - a +0 ring mail
Jewellery
 d - a ring of protection from cold
 g - a ring of flight
 s - a ring of fire
 x - a +6 ring of intelligence (right hand)
 y - a +5 ring of evasion (left hand)
Scrolls
 k - 2 scrolls of magic mapping
 p - a scroll of immolation
Potions
 b - a potion of magic
 i - a potion of brilliance
 j - 2 potions of lignification
 l - a potion of heal wounds
 m - 2 potions of curing
 q - a potion of flight
 v - 2 potions of invisibility
 z - a potion of ambrosia


   Skills:
 + Level 2.4 Fighting
 + Level 2.5 Short Blades
 + Level 2.2 Armour
 + Level 3.0 Dodging
 - Level 2.4 Stealth
 + Level 3.1 Spellcasting
 + Level 2.7 Transmutations
 * Level 4.8 Poison Magic


You had 2 spell levels left.
You knew the following spells:

 Your Spells              Type           Power      Damage    Failure   Level
a - Sting                 Tmut/Pois      88%        1d7       3%          1
b - Olgreb's Toxic Radia  Pois           27%        N/A       21%         4
c - Mephitic Cloud        Conj/Pois/Air  11%        N/A       22%         3
d - Poisonous Vapours     Pois/Air       30%        N/A       9%          2

Your spell library contained the following spells:

 Spells                   Type           Power      Damage    Failure   Level
 Passwall                 Tmut/Erth      8%         N/A       13%         2
 Sandblast                Erth           6%         2d5       14%         1
 Static Discharge         Conj/Air       6%         2-3/arc   22%         2
 Stone Arrow              Conj/Erth      6%         3d7       41%         3
 Vhi's Electric Charge    Tloc/Air       6%         N/A       41%         3
 Blade Hands              Tmut           8%         N/A       78%         5
 Irradiate                Conj/Tmut      5%         3d13      93%         5
 Arcjolt                  Conj/Air       1%         1d11      99%         5
 Plasma Beam              Fire/Air       1%         2x1d12    99%         5
 Dragon Form              Tmut           8%         N/A       100%        7


Dungeon Overview and Level Annotations

Branches:
Dungeon (6/15)
 Temple: D:4-7

Altars:
Cheibriados
Fedhas
Gozag
Nemelex Xobeh
Okawaru
Yredelemnul

Shops:
D:2 (*


Innate Abilities, Weirdness & Mutations

You have a pair of small antennae on your head.
You are mostly covered in slimy green scales. (AC +3)
You sometimes gain a little power by taking damage.
A meltable shield of frost defends you. (SH +4)


Message History

The orc wizard hits you with a +0 dagger.
The orc wizard casts a spell at you. The magic dart hits you.
You hit the orc priest but do no damage.
Your attack snaps the orc priest out of its fear.
The orc priest is lightly wounded.
You hit the orc priest but do no damage.
The orc priest is lightly wounded.
The orc priest hits you but does no damage.
The orc wizard casts a spell at you. The magic dart hits you.
The orc priest casts a cantrip, but nothing happens.
You hit the orc priest. You burn the orc priest.
The orc priest is moderately wounded.
The orc priest calls upon Beogh to heal the orc wizard.
The orc wizard is healed somewhat.
The orc hits you but does no damage.
The orc priest hits you with a +0 hand axe.
* * * LOW HITPOINT WARNING * * *
As you read the scroll of fear, it crumbles to dust.
You assume a fearsome visage.
The orc priest looks frightened!
The orc looks frightened!
The orc wizard looks frightened!
The orc priest looks frightened!
The orc wizard looks frightened!
The orc wizard gestures wildly while chanting.
The orc wizard flickers and vanishes!
Deactivating autopickup; reactivate with Ctrl-A.
The orc wizard casts a spell.
The orc wizard flickers and vanishes!
Cornered, the orc priest turns to fight!
There is an open door here.
The orc barely misses the orc priest.
The orc priest casts a cantrip, but nothing happens.
The orc priest calls down the wrath of Beogh upon you.
Beogh smites you!
* * * LOW HITPOINT WARNING * * *
You focus on the pain.
You feel your power returning.
Your magical contamination has completely faded away.
There is an open door here.
The orc priest calls down the wrath of Beogh upon you.
Pain shoots through your body!
You die...

#########################
#......<.@.........#....#
#..................#....#.
#...##..##.........#....'.
######'###...o.o...#....#.
#..########'####'###.
##.#.................
###.................
#.................
#.................


You could see an orc priest and an orc.

Vanquished Creatures
  2 phantoms (D:5)
  A howler monkey (D:4)
  2 hounds
  An orc priest (D:4)
  2 jellies (D:4)
  2 sleepcaps
  Terence (D:3)
  4 iguanas
  A gnoll (D:1)
  6 adders
  An ufetubus (D:5)
  7 dart slugs
  6 orcs
  6 bats
  8 endoplasms
  6 giant cockroaches
  7 goblins
  17 hobgoblins
  13 jackals
  3 quokkas
  4 ball pythons
  4 frilled lizards
  11 kobolds
  5 rats
120 creatures vanquished.

Notes
Turn   | Place    | Note
-------+----------+-------------------------------------------
     0 | D:1      | Pimp the Demonspawn Venom Mage began the quest for the Orb.
     0 | D:1      | Reached XP level 1. HP: 13/13 MP: 3/3
    22 | D:1      | Reached skill level 1 in Transmutations
   138 | D:1      | Gained mutation: A meltable shield of frost defends you.
                  | (SH +4) [demonic ancestry]
   138 | D:1      | Reached XP level 2. HP: 19/19 MP: 3/5
   523 | D:1      | Reached XP level 3. HP: 25/25 MP: 1/6
  1630 | D:2      | Found Naryl's Weapon Boutique.
  1665 | D:2      | Reached skill level 1 in Short Blades
  1842 | D:2      | Gained mutation: You have a pair of small antennae on your
                  | head. [demonic ancestry]
  1842 | D:2      | Reached XP level 4. HP: 31/31 MP: 5/7
  2056 | D:2      | Found Irhuh's General Store.
  2616 | D:3      | Reached skill level 1 in Fighting
  2626 | D:3      | Reached skill level 1 in Armour
  2913 | D:3      | Noticed Terence
  2915 | D:3      | Identified the +0 ring mail of the Thirsty Wishes {rPois
                  | rF- Int+3}
  2928 | D:3      | Killed Terence
  2929 | D:3      | Gained mutation: You are partially covered in slimy green
                  | scales. (AC +2) [demonic ancestry]
  2929 | D:3      | Reached XP level 5. HP: 28/37 MP: 4/8
  3059 | D:3      | Learned a level 4 spell: Olgreb's Toxic Radiance
  3063 | D:3      | Learned a level 3 spell: Mephitic Cloud
  3120 | D:3      | Found a faded altar of an unknown god.
  3597 | D:4      | Found an opulent altar of Gozag.
  3600 | D:4      | Found a sparkling altar of Nemelex Xobeh.
  3601 | D:4      | Found a snail-covered altar of Cheibriados.
  3603 | D:4      | Found an iron altar of Okawaru.
  3769 | D:4      | Gained mutation: You are mostly covered in slimy green
                  | scales. (AC +3) [demonic ancestry]
  3769 | D:4      | Reached XP level 6. HP: 36/43 MP: 6/9
  3779 | D:4      | Reached skill level 4 in Poison Magic
  4318 | D:4      | Found a basalt altar of Yredelemnul.
  4640 | D:4      | Noticed a profane servitor
  4646 | D:4      | Noticed an angel
  4679 | D:5      | Entered Level 5 of the Dungeon
  5061 | D:5      | Gained mutation: You sometimes gain a little power by
                  | taking damage. [demonic ancestry]
  5061 | D:5      | Reached XP level 7. HP: 45/50 MP: 7/11
  5597 | D:5      | Learned a level 2 spell: Poisonous Vapours
  5663 | D:5      | Found a blossoming altar of Fedhas.
  5943 | D:6      | HP: 1/51 [orc priest/divine providence (15)]
  5950 | D:6      | Killed from afar by an orc priest

Illustrated notes

Levels and vault maps discovered:
D:1:      amcnicky_arrival_choice, layout_basic,
          amcnicky_mini_rare_corridor_liquid
D:2:      layout_rooms, serial_shops, nicolae_shop_bloodbath_and_beyond,
          nicolae_shop_behind_doors, serial_curves, eino_curves_03,
          eino_curves_03
D:3:      kennysheep_big_flooded_room, layout_basic,
          ebering_ecumenical_altar_mist, minivault_24, uniq_terence
D:4:      layout_basic, grunt_temple_overflow_holy_war,
          grunt_temple_overflow_open
D:5:      layout_loops_ring, fedhas_altar_2
D:6:      layout_gridville, palyth_temple_overflow_mages,
          amcnicky_altar_lugonu_corruption, uniq_crazy_yiuf_cottage

Skill      XL: |  1  2  3  4  5  6  7 |
---------------+----------------------+-----
Transmutations | 1 2 |  2.7
Stealth        | 2 |  2.4
Dodging        | 2 3 |  3.0
Short Blades   | 1 2 |  2.5
Fighting       | 1 2 |  2.4
Armour         | 1 2 |  2.2
Poison Magic   | 4 |  4.8
Spellcasting   | 3 |  3.1

Action                     |  1- 3 |  4- 6 |  7- 9 || total
---------------------------+-------+-------+-------++-------
  Melee: Dagger            |   132 |   177 |    79 ||   388
         Punch             |     2 |     2 |     1 ||     5
   Cast: Sting             |    30 |    80 |     5 ||   115
         Mephitic Cloud    |       |       |     1 ||     1
    Use: Scroll            |     5 |    10 |     8 ||    23
         Potion            |       |     1 |     2 ||     3
   Stab: Sleeping          |     3 |     3 |       ||     6
         Distracted        |     1 |       |       ||     1
 Armour: Robe              |    14 |       |       ||    14
         Leather armour    |    20 |    54 |    31 ||   105
  Dodge: Dodged            |    95 |   110 |    55 ||   260
  Block: Other             |    19 |    33 |    13 ||    65

Table legend: (Time is in decaauts)
 A = Elapsed time spent in this place.
 B = Non-inter-level travel time spent in this place.
 C = Inter-level travel time spent in this place.
 D = Time resting spent in this place.
 E = Time spent auto-exploring this place.
 F = Levels seen in this place.
 G = Mean time per level.
                   A        B        C        D        E       F      G
               +--------+--------+--------+--------+--------+-----+--------+
         Total |   5927 |   5762 |    165 |   1598 |   2760 |   6 |  987.8 |
       Dungeon |   5927 |   5762 |    165 |   1598 |   2760 |   6 |  987.8 |
               +--------+--------+--------+--------+--------+-----+--------+

Top non-repeatable levels by time:
     D:1: 1624 daAuts
     D:4: 1182 daAuts
     D:3: 1052 daAuts
     D:5: 1004 daAuts
     D:2: 886 daAuts
     D:6: 178 daAuts
